Knights vs Wolves
(R1)
Created - 11 novembre 2013 at 19:03
Goals
|
| Knights |
0 |
4 |
0 |
4 |
| Wolves |
1 |
2 |
0 |
3 |
|
Shots
|
| Knights |
8 |
16 |
9 |
33 |
| Wolves |
12 |
11 |
14 |
37 |
|
1st period
1. Wolves , Alexander Perezhogin 7 (Rich Peverley) at 18:00
Penalties :
Geoff Paukovich (Min) for Tripping (Minor) at 0:36, Kyle Greentree (Lon) for Kneeing (Major) at 7:01, Zack Hamill (Lon) for Roughing (Minor) at 12:25, Nathan Davis (Min) for Tripping (Minor) at 15:23
2nd period
2. Knights , Mats Zuccarello 7 (Nathan Gerbe) at 0:43 (PP)
3. Knights , Kyle Greentree 4 (Gustav Nyquist) at 1:18
4. Knights , Mats Zuccarello 8 (Eric Fehr, Nathan Gerbe) at 4:40 (PP)
5. Wolves , Bruno Gervais 2 (Rich Peverley, Loïc Lacasse) at 5:57
6. Wolves , Rich Peverley 7 (Alexander Perezhogin, Jonas Junland) at 9:46
7. Knights , Sheldon Brookbank 2 (Nathan Gerbe) at 19:32 (PP)
Penalties :
Marc Methot (Min) for Hooking (Minor) at 0:41, Mike Sislo (Min) for Interference (Minor) at 4:34, Marco Scandella (Lon) for Tripping (Minor) at 13:23, Geoff Paukovich (Min) for Hooking (Minor) at 18:58
3rd period
No Goal
Penalties :
Gustav Nyquist (Lon) for Holding (Minor) at 2:23, Geoff Paukovich (Min) for Slashing (Minor) at 7:30, Peter Mueller (Lon) for Cross-checking (Minor) at 14:16
Goalie Stats
Jonas Gustavsson (Lon), 34 saves from 37 shots - (0,919), W, 5-2-0, 60:00 minutes
Loïc Lacasse (Min), 29 saves from 33 shots - (0,879), L, 0-2-0, 59:16 minutes
Players Stats for Knights
Player Name G A P +/- PIM S H SB GA TA FO MP PP MP PK MP
------------------------------------------------------------------------------------
A.J. Jenks 0 0 0 0 0 0 3 0 0 0 0/0 6:57 0:00 0:46
Chris Thorburn 0 0 0 0 0 2 2 0 0 0 0/0 6:40 0:08 0:00
Colton Gillies 0 0 0 -1 0 2 0 0 0 0 0/1 9:07 0:00 1:40
Eric Fehr 0 1 1 -1 0 5 3 0 0 0 4/7 23:35 3:44 5:33
Garnet Exelby 0 0 0 0 0 0 1 1 0 1 0/0 27:50 3:30 6:01
Gustav Nyquist 0 1 1 0 2 1 1 0 1 1 0/0 17:38 2:47 2:12
Joe Colborne 0 0 0 0 0 1 0 0 0 0 0/0 6:18 0:00 0:05
Kyle Greentree 1 0 1 0 5 3 1 0 1 0 1/1 16:15 0:00 3:32
Marco Scandella 0 0 0 0 2 0 0 1 0 1 0/0 9:48 0:00 1:21
Mats Zuccarello 2 0 2 -1 0 5 2 0 0 2 2/2 22:27 3:49 5:54
Nathan Gerbe 0 3 3 -1 0 4 1 0 2 0 17/31 22:18 3:44 4:40
Nick Palmieri 0 0 0 -1 0 1 1 0 0 0 0/0 11:01 2:47 0:00
Niklas Hjalmarsson 0 0 0 -2 0 0 1 3 0 1 0/0 21:04 3:09 5:46
Peter Mueller 0 0 0 0 2 6 1 1 0 0 4/12 17:06 2:47 1:28
Sheldon Brookbank 1 0 1 -2 0 2 2 3 1 1 0/0 22:10 3:09 5:46
Tomas Kundratek 0 0 0 0 0 0 1 0 0 0 0/0 9:38 0:00 0:46
Zack Hamill 0 0 0 -1 2 1 0 0 1 0 0/5 8:01 0:11 0:00
Zbynek Michalek 0 0 0 0 0 0 3 4 1 2 0/0 29:07 3:30 6:10
Players Stats for Wolves
Player Name G A P +/- PIM S H SB GA TA FO MP PP MP PK MP
------------------------------------------------------------------------------------
Alexander Perezhogin 1 1 2 2 0 7 1 0 2 0 0/2 21:06 5:42 0:00
Bruno Gervais 1 0 1 1 0 3 1 1 2 1 0/0 27:12 6:26 4:11
Chris Neil 0 0 0 -1 0 2 1 0 2 0 1/2 19:07 5:43 3:51
Chris Terry 0 0 0 1 0 2 3 0 0 0 2/2 9:58 0:25 0:00
Dan Fritsche 0 0 0 1 0 2 1 0 0 0 4/6 10:04 1:10 2:58
Geoff Paukovich 0 0 0 -1 6 0 5 0 0 0 0/1 15:48 5:34 0:50
Jonas Junland 0 1 1 1 0 2 0 1 0 1 0/0 21:40 5:39 2:28
Kevin Veilleux 0 0 0 0 0 0 0 0 0 0 0/0 6:00 0:00 0:00
Logan MacMillan 0 0 0 0 0 0 0 0 0 0 0/0 9:17 1:21 0:19
Marc Methot 0 0 0 1 2 1 1 3 0 1 0/0 22:36 5:39 2:28
Marc-André Gragnani 0 0 0 0 0 1 1 0 0 1 0/0 10:55 1:02 0:00
Mark Fayne 0 0 0 0 0 1 0 0 0 0 0/0 10:52 0:48 0:00
Matt Gilroy 0 0 0 1 0 1 2 1 2 1 0/0 27:26 6:16 4:11
Mike Sislo 0 0 0 2 2 1 3 1 0 0 0/0 20:30 5:44 0:53
Mike Zigomanis 0 0 0 -1 0 3 2 1 0 1 7/11 17:37 5:40 1:44
Nathan Davis 0 0 0 0 2 3 1 1 0 0 1/2 9:14 0:20 0:42
Rich Peverley 1 2 3 2 0 7 2 0 0 1 14/29 20:11 5:48 0:19
Tim Crowder 0 0 0 1 0 1 4 0 1 0 2/4 13:42 1:18 1:42
3 Stars
1 - Rich Peverley (Min)
2 - Alexander Perezhogin (Min)
3 - Mats Zuccarello (Lon)
Power Play
Knights - 3 on 6 Attempt(s) - 50,00%
Wolves - 0 on 5 Attempt(s) - 0,00%
Penalty Kill
Knights - 5 on 5 Attempt(s) - 100,00%
- Score 0 goal in Penalty Kill
Wolves - 3 on 6 Attempt(s) - 50,00%
- Score 0 goal in Penalty Kill
Official
Referees : Marouelli Dan and Hebert Ghislain
Linesman : Andy McElman and Derek Nansen
Game Notes
Dan Fritsche is injured at 1:59 of 3rd period (Torn Right Knee Ligaments)
Finance
Level 1 -- Attendance: 1368 (68,40%) -- Ticket Income 47 880 $
Level 2 -- Attendance: 800 (80,00%) -- Ticket Income 12 000 $
Total Attendance: 2168 (72,27%)
Total Ticket Income: 59 880 $
Other Income: 2 994 $
Total Income: 62 874 $
Knights
5 vs 5 Forward
Center Left Wing Right Wing Time % Phy DF OF
1 Nathan Gerbe Mats Zuccarello Eric Fehr 40 1 2 2
2 Peter Mueller Kyle Greentree Gustav Nyquist 30 1 2 2
3 Zack Hamill Colton Gillies Nick Palmieri 20 1 2 2
4 Joe Colborne A.J. Jenks Chris Thorburn 10 1 2 2
5 vs 5 Defense
Defense Defense Time % Phy DF OF
1 Zbynek Michalek Garnet Exelby 40 1 3 1
2 Sheldon Brookbank Niklas Hjalmarsson 30 1 3 1
3 Tomas Kundratek Marco Scandella 20 1 3 1
4 Zbynek Michalek Garnet Exelby 10 1 3 1
PowerPlay Forward
Center Left Wing Right Wing Time % Phy DF OF
1 Nathan Gerbe Mats Zuccarello Eric Fehr 60 0 1 4
2 Peter Mueller Nick Palmieri Gustav Nyquist 40 0 0 5
PowerPlay Defense
Defense Defense Time % Phy DF OF
1 Zbynek Michalek Garnet Exelby 60 0 1 4
2 Sheldon Brookbank Niklas Hjalmarsson 40 0 1 4
Penalty Kill 4 Players Forward
Center Wing Time % Phy DF OF
1 Eric Fehr Kyle Greentree 60 0 4 1
2 Nathan Gerbe Mats Zuccarello 40 0 4 1
Penalty Kill 4 Players Defense
Defense Defense Time % Phy DF OF
1 Zbynek Michalek Garnet Exelby 60 0 5 0
2 Sheldon Brookbank Niklas Hjalmarsson 40 0 5 0
Penalty Kill - 3 Players Forward
Forward Time % Phy DF OF
1 Eric Fehr 60 0 5 0
2 Mats Zuccarello 40 0 5 0
Penalty Kill - 3 Players Defense
Defense Defense Time % Phy DF OF
1 Zbynek Michalek Garnet Exelby 60 0 5 0
2 Sheldon Brookbank Niklas Hjalmarsson 40 0 5 0
4 vs 4 Forward
Center Wing Time % Phy DF OF
1 Nathan Gerbe Eric Fehr 60 1 2 2
2 Peter Mueller Mats Zuccarello 40 1 2 2
4 vs 4 Defense
Defense Defense Time % Phy DF OF
1 Zbynek Michalek Garnet Exelby 60 1 2 2
2 Sheldon Brookbank Niklas Hjalmarsson 40 1 2 2
Last Minutes Offensive
Center Left Wing Right Wing Defense Defense
Nathan Gerbe Mats Zuccarello Eric Fehr Garnet Exelby Sheldon Brookbank
Last Minutes Defensive
Center Left Wing Right Wing Defense Defense
Nathan Gerbe Kyle Greentree Eric Fehr Sheldon Brookbank Zbynek Michalek
Goaltenders
Starting : Jonas Gustavsson
Backup : Dany Sabourin
Extra Forwards
Normal : Zack Hamill, Nick Palmieri, Gustav Nyquist - PP : Zack Hamill, Nick Palmieri - PK : Gustav Nyquist
Extra Defensemen
Normal : Tomas Kundratek, Marco Scandella, Sheldon Brookbank - PP : Tomas Kundratek - PK : Marco Scandella, Sheldon Brookbank
Penalty Shots
Nathan Gerbe, Eric Fehr, Kyle Greentree, Peter Mueller, Chris Thorburn
Wolves
5 vs 5 Forward
Center Left Wing Right Wing Time % Phy DF OF
1 Rich Peverley Mike Sislo Alexander Perezhogin 40 1 0 4
2 Mike Zigomanis Geoff Paukovich Chris Neil 30 0 1 4
3 Dan Fritsche Chris Terry Tim Crowder 20 1 1 3
4 Nathan Davis Logan MacMillan Kevin Veilleux 10 2 2 1
5 vs 5 Defense
Defense Defense Time % Phy DF OF
1 Bruno Gervais Matt Gilroy 40 1 3 1
2 Marc Methot Jonas Junland 30 1 3 1
3 Marc-André Gragnani Mark Fayne 20 1 3 1
4 Bruno Gervais Matt Gilroy 10 1 3 1
PowerPlay Forward
Center Left Wing Right Wing Time % Phy DF OF
1 Rich Peverley Mike Sislo Alexander Perezhogin 60 0 0 5
2 Mike Zigomanis Geoff Paukovich Chris Neil 40 0 0 5
PowerPlay Defense
Defense Defense Time % Phy DF OF
1 Bruno Gervais Matt Gilroy 60 0 2 3
2 Marc Methot Jonas Junland 40 0 2 3
Penalty Kill 4 Players Forward
Center Wing Time % Phy DF OF
1 Dan Fritsche Chris Neil 60 2 3 0
2 Tim Crowder Geoff Paukovich 40 2 3 0
Penalty Kill 4 Players Defense
Defense Defense Time % Phy DF OF
1 Bruno Gervais Matt Gilroy 60 2 3 0
2 Marc Methot Jonas Junland 40 2 3 0
Penalty Kill - 3 Players Forward
Forward Time % Phy DF OF
1 Dan Fritsche 60 1 4 0
2 Chris Neil 40 1 4 0
Penalty Kill - 3 Players Defense
Defense Defense Time % Phy DF OF
1 Bruno Gervais Matt Gilroy 60 2 3 0
2 Marc Methot Jonas Junland 40 2 3 0
4 vs 4 Forward
Center Wing Time % Phy DF OF
1 Rich Peverley Alexander Perezhogin 60 1 1 3
2 Mike Zigomanis Chris Neil 40 1 1 3
4 vs 4 Defense
Defense Defense Time % Phy DF OF
1 Bruno Gervais Matt Gilroy 60 1 3 1
2 Marc Methot Jonas Junland 40 1 3 1
Last Minutes Offensive
Center Left Wing Right Wing Defense Defense
Rich Peverley Mike Sislo Alexander Perezhogin Bruno Gervais Matt Gilroy
Last Minutes Defensive
Center Left Wing Right Wing Defense Defense
Mike Zigomanis Mike Sislo Chris Neil Marc Methot Marc-André Gragnani
Goaltenders
Starting : Loïc Lacasse
Backup : Jamie Storr
Extra Forwards
Normal : Alexander Perezhogin, Rich Peverley, Mike Zigomanis - PP : Alexander Perezhogin, Rich Peverley - PK : Mike Zigomanis
Extra Defensemen
Normal : Marc-André Gragnani, Mark Fayne, Bruno Gervais - PP : Bruno Gervais - PK : Mark Fayne, Matt Gilroy
Penalty Shots
Chris Neil, Alexander Perezhogin, Rich Peverley, Mike Zigomanis, Dan Fritsche
% Time on Ice - Knights
Lines # - Real PCT - Wanted PCT - Time Play
Normal Forward
1 - 33% - 40% - 12:51
2 - 33% - 30% - 12:51
3 - 19% - 20% - 7:24
4 - 16% - 10% - 6:11
Normal Defense
1 - 43% - 40% - 17:02
2 - 31% - 30% - 12:09
3 - 22% - 20% - 8:47
4 - 3% - 10% - 1:19
PP Forward
1 - 58% - 60% - 3:52
2 - 42% - 40% - 2:47
PP Defense
1 - 53% - 60% - 3:30
2 - 47% - 40% - 3:09
PK Forward
1 - 72% - 60% - 9:15
2 - 28% - 40% - 3:40
PK Defense
1 - 55% - 60% - 7:09
2 - 45% - 40% - 5:46
PK3 Forward
1 - 0% - 60%
2 - 0% - 40%
PK3 Defense
1 - 0% - 60%
2 - 0% - 40%
44 Forward
1 - 0% - 60%
2 - 0% - 40%
44 Defense
1 - 0% - 60%
2 - 0% - 40%
Last Minute Offensive - 0:00
Last Minute Defensive - 1:09
Total
Forward - 60:00
Defense - 60:00
|
% Time on Ice - Wolves
Lines # - Real PCT - Wanted PCT - Time Play
Normal Forward
1 - 33% - 40% - 12:50
2 - 28% - 30% - 11:06
3 - 24% - 20% - 9:33
4 - 15% - 10% - 6:00
Normal Defense
1 - 39% - 40% - 15:18
2 - 34% - 30% - 13:33
3 - 25% - 20% - 10:03
4 - 1% - 10% - 0:35
PP Forward
1 - 55% - 60% - 7:03
2 - 45% - 40% - 5:52
PP Defense
1 - 56% - 60% - 7:16
2 - 44% - 40% - 5:39
PK Forward
1 - 74% - 60% - 4:57
2 - 26% - 40% - 1:42
PK Defense
1 - 63% - 60% - 4:11
2 - 37% - 40% - 2:28
PK3 Forward
1 - 0% - 60%
2 - 0% - 40%
PK3 Defense
1 - 0% - 60%
2 - 0% - 40%
44 Forward
1 - 0% - 60%
2 - 0% - 40%
44 Defense
1 - 0% - 60%
2 - 0% - 40%
Last Minute Offensive - 0:57
Last Minute Defensive - 0:00
Total
Forward - 60:00
Defense - 60:00
|
Play by Play
1st period
0:01 of 1st period - Nathan Gerbe wins face-off versus Rich Peverley in neutral zone.
0:26 of 1st period - Zbynek Michalek is hit by Geoff Paukovich and loses puck.
0:36 of 1st period - Minor Penalty to Geoff Paukovich for Tripping.
0:37 of 1st period - Dan Fritsche wins face-off versus Nathan Gerbe in Wolves zone.
1:02 of 1st period - Snap shot by Peter Mueller.
1:02 of 1st period - Stopped by Loïc Lacasse with a rebound.
1:04 of 1st period - Slapshot by Sheldon Brookbank.
1:04 of 1st period - Deflect By Peter Mueller.
1:04 of 1st period - Shot Misses the Net.
1:04 of 1st period - Puck is out of play.
1:05 of 1st period - Peter Mueller wins face-off versus Tim Crowder in Wolves zone.
1:10 of 1st period - Wrist shot by Nick Palmieri.
1:10 of 1st period - Stopped by Loïc Lacasse with a rebound.
1:39 of 1st period - Eric Fehr is hit by Chris Neil.
2:11 of 1st period - Bruno Gervais is hit by Zbynek Michalek.
2:36 of 1st period - Penalty to Geoff Paukovich is over, Geoff Paukovich is back on ice.
3:03 of 1st period - Backhand shot by Marc-André Gragnani.
3:03 of 1st period - Stopped by Jonas Gustavsson with a rebound.
3:33 of 1st period - Wrist shot by Mike Zigomanis.
3:33 of 1st period - Deflect By Chris Neil.
3:33 of 1st period - Shot Misses the Net.
3:33 of 1st period - Puck is out of play.
3:34 of 1st period - Nathan Gerbe wins face-off versus Geoff Paukovich in Knights zone.
3:34 of 1st period - Nathan Gerbe is hit by Matt Gilroy.
4:18 of 1st period - Nick Palmieri is hit by Mike Sislo.
4:40 of 1st period - Snap shot by Nathan Gerbe.
4:40 of 1st period - Shot Misses the Net.
4:42 of 1st period - Snap shot by Niklas Hjalmarsson.
4:42 of 1st period - Shot Blocked by Mike Sislo.
5:05 of 1st period - Slapshot by Chris Thorburn.
5:05 of 1st period - Stopped by Loïc Lacasse without a rebound.
5:06 of 1st period - Nathan Gerbe wins face-off versus Mike Zigomanis in Wolves zone.
5:19 of 1st period - Snap shot by Eric Fehr.
5:19 of 1st period - Stopped by Loïc Lacasse with a rebound.
5:42 of 1st period - Snap shot by Dan Fritsche.
5:42 of 1st period - Shot Misses the Net.
5:44 of 1st period - Snap shot by Dan Fritsche.
5:44 of 1st period - Stopped by Jonas Gustavsson without a rebound.
5:45 of 1st period - Nathan Gerbe wins face-off versus Nathan Davis in Knights zone.
5:47 of 1st period - Icing by Mats Zuccarello.
5:48 of 1st period - Nathan Davis wins face-off versus Nathan Gerbe in Knights zone.
5:57 of 1st period - Slapshot by Jonas Junland.
5:57 of 1st period - Shot Misses the Net.
5:59 of 1st period - Snap shot by Kevin Veilleux.
5:59 of 1st period - Shot Blocked by Niklas Hjalmarsson.
6:13 of 1st period - Wrist shot by Alexander Perezhogin.
6:13 of 1st period - Stopped by Jonas Gustavsson with a rebound.
6:33 of 1st period - Kyle Greentree is hit by Dan Fritsche and loses puck.
6:50 of 1st period - Slapshot by Peter Mueller.
6:50 of 1st period - Shot Blocked by Matt Gilroy.
7:00 of 1st period - Snap shot by Chris Neil.
7:00 of 1st period - Stopped by Jonas Gustavsson with a rebound.
7:01 of 1st period - Major Penalty to Kyle Greentree for Kneeing.
7:02 of 1st period - Eric Fehr wins face-off versus Rich Peverley in Knights zone.
7:31 of 1st period - Zbynek Michalek is hit by Geoff Paukovich and loses puck.
8:02 of 1st period - Jonas Junland is hit by Nathan Gerbe and loses puck.
9:11 of 1st period - Eric Fehr is hit by Marc Methot and loses puck.
10:26 of 1st period - Eric Fehr is hit by Geoff Paukovich.
11:44 of 1st period - Snap shot by Nathan Davis.
11:44 of 1st period - Shot Misses the Net.
11:46 of 1st period - Snap shot by Nathan Davis.
11:46 of 1st period - Shot Misses the Net.
12:01 of 1st period - Penalty to Kyle Greentree is over, Kyle Greentree is back on ice.
12:25 of 1st period - Minor Penalty to Zack Hamill for Roughing.
12:26 of 1st period - Mike Zigomanis wins face-off versus Nathan Gerbe in Knights zone.
12:37 of 1st period - Snap shot by Chris Neil.
12:37 of 1st period - Stopped by Jonas Gustavsson with a rebound.
12:39 of 1st period - Snap shot by Mike Zigomanis.
12:39 of 1st period - Stopped by Jonas Gustavsson without a rebound.
12:40 of 1st period - Nathan Gerbe wins face-off versus Alexander Perezhogin in Knights zone.
12:40 of 1st period - Nathan Gerbe is hit by Mike Sislo.
14:25 of 1st period - Penalty to Zack Hamill is over, Zack Hamill is back on ice.
14:28 of 1st period - Chris Neil is hit by Nick Palmieri and loses puck.
14:36 of 1st period - Wrist shot by Colton Gillies.
14:36 of 1st period - Shot Misses the Net.
14:38 of 1st period - Wrist shot by Colton Gillies.
14:38 of 1st period - Shot Misses the Net.
14:40 of 1st period - Snap shot by Colton Gillies.
14:40 of 1st period - Stopped by Loïc Lacasse with a rebound.
15:23 of 1st period - Minor Penalty to Nathan Davis for Tripping.
15:24 of 1st period - Dan Fritsche wins face-off versus Nathan Gerbe in Wolves zone.
15:46 of 1st period - Icing by Gustav Nyquist.
15:47 of 1st period - Dan Fritsche wins face-off versus Peter Mueller in Knights zone.
16:02 of 1st period - Snap shot by Mats Zuccarello.
16:02 of 1st period - Shot Misses the Net.
16:06 of 1st period - Wrist shot by Eric Fehr.
16:06 of 1st period - Shot Misses the Net.
16:08 of 1st period - Slapshot by Eric Fehr.
16:08 of 1st period - Stopped by Loïc Lacasse without a rebound.
16:09 of 1st period - Tim Crowder wins face-off versus Nathan Gerbe in Wolves zone.
16:38 of 1st period - Dan Fritsche is hit by Sheldon Brookbank.
17:08 of 1st period - Snap shot by Tim Crowder.
17:08 of 1st period - Stopped by Jonas Gustavsson without a rebound.
17:09 of 1st period - Tim Crowder wins face-off versus Peter Mueller in Knights zone.
17:23 of 1st period - Penalty to Nathan Davis is over, Nathan Davis is back on ice.
17:34 of 1st period - Geoff Paukovich is hit by Mats Zuccarello.
17:46 of 1st period - Snap shot by Nathan Davis.
17:46 of 1st period - Stopped by Jonas Gustavsson without a rebound.
17:47 of 1st period - Rich Peverley wins face-off versus Peter Mueller in Knights zone.
17:48 of 1st period - Wrist shot by Alexander Perezhogin.
17:48 of 1st period - Stopped by Jonas Gustavsson without a rebound.
17:49 of 1st period - Rich Peverley wins face-off versus Peter Mueller in Knights zone.
17:56 of 1st period - Wrist shot by Rich Peverley.
17:56 of 1st period - Stopped by Jonas Gustavsson with a rebound.
17:58 of 1st period - Wrist shot by Alexander Perezhogin.
17:58 of 1st period - Shot Blocked by Peter Mueller.
18:00 of 1st period - Snap shot by Alexander Perezhogin.
18:00 of 1st period - Goal by Alexander Perezhogin - Knights : 0 - Wolves : 1.
18:01 of 1st period - Nathan Gerbe wins face-off versus Rich Peverley in neutral zone.
18:37 of 1st period - Wrist shot by Mike Zigomanis.
18:37 of 1st period - Deflect By Chris Neil.
18:37 of 1st period - Shot Blocked by Zbynek Michalek.
18:37 of 1st period - Puck is out of play.
18:38 of 1st period - Rich Peverley wins face-off versus Zack Hamill in Knights zone.
18:39 of 1st period - Snap shot by Alexander Perezhogin.
18:39 of 1st period - Shot Misses the Net.
18:41 of 1st period - Slapshot by Jonas Junland.
18:41 of 1st period - Shot Blocked by Niklas Hjalmarsson.
18:43 of 1st period - Slapshot by Marc Methot.
18:43 of 1st period - Deflect By Rich Peverley.
18:43 of 1st period - Shot Misses the Net.
18:43 of 1st period - Puck is out of play.
18:44 of 1st period - Rich Peverley wins face-off versus Zack Hamill in Knights zone.
18:51 of 1st period - Snap shot by Rich Peverley.
18:51 of 1st period - Stopped by Jonas Gustavsson without a rebound.
18:52 of 1st period - Eric Fehr wins face-off versus Rich Peverley in Knights zone.
18:52 of 1st period - Eric Fehr is hit by Mike Sislo.
19:04 of 1st period - Wrist shot by Mats Zuccarello.
19:04 of 1st period - Stopped by Loïc Lacasse without a rebound.
19:05 of 1st period - Mats Zuccarello wins face-off versus Rich Peverley in Wolves zone.
19:06 of 1st period - Snap shot by Nathan Gerbe.
19:06 of 1st period - Stopped by Loïc Lacasse with a rebound.
19:55 of 1st period - Backhand shot by Nathan Davis.
19:55 of 1st period - Shot Misses the Net.
2nd period
0:01 of 2nd period - Mats Zuccarello wins face-off versus Rich Peverley in neutral zone.
0:25 of 2nd period - Matt Gilroy is hit by Peter Mueller and loses puck.
0:32 of 2nd period - Snap shot by Kyle Greentree.
0:32 of 2nd period - Stopped by Loïc Lacasse without a rebound.
0:33 of 2nd period - Peter Mueller wins face-off versus Rich Peverley in Wolves zone.
0:41 of 2nd period - Minor Penalty to Marc Methot for Hooking.
0:42 of 2nd period - Nathan Gerbe wins face-off versus Dan Fritsche in Wolves zone.
0:43 of 2nd period - Snap shot by Mats Zuccarello.
0:43 of 2nd period - Goal by Mats Zuccarello - Knights : 1 - Wolves : 1.
0:44 of 2nd period - Rich Peverley wins face-off versus Nathan Gerbe in neutral zone.
0:47 of 2nd period - Mats Zuccarello is hit by Bruno Gervais and loses puck.
1:11 of 2nd period - Kyle Greentree is hit by Geoff Paukovich and loses puck.
1:18 of 2nd period - Wrist shot by Gustav Nyquist.
1:18 of 2nd period - Deflect By Kyle Greentree.
1:18 of 2nd period - Goal by Kyle Greentree - Knights : 2 - Wolves : 1.
1:19 of 2nd period - Rich Peverley wins face-off versus Nathan Gerbe in neutral zone.
1:22 of 2nd period - Snap shot by Rich Peverley.
1:22 of 2nd period - Shot Misses the Net.
1:24 of 2nd period - Wrist shot by Mike Sislo.
1:24 of 2nd period - Stopped by Jonas Gustavsson with a rebound.
1:26 of 2nd period - Wrist shot by Alexander Perezhogin.
1:26 of 2nd period - Deflect By Rich Peverley.
1:26 of 2nd period - Stopped by Jonas Gustavsson without a rebound.
1:27 of 2nd period - Nathan Gerbe wins face-off versus Rich Peverley in Knights zone.
1:27 of 2nd period - Nathan Gerbe is hit by Alexander Perezhogin.
1:35 of 2nd period - Slapshot by Alexander Perezhogin.
1:35 of 2nd period - Stopped by Jonas Gustavsson without a rebound.
1:36 of 2nd period - Nathan Gerbe wins face-off versus Rich Peverley in Knights zone.
2:03 of 2nd period - Garnet Exelby is hit by Mike Zigomanis and loses puck.
2:30 of 2nd period - Dan Fritsche is hit by Sheldon Brookbank and loses puck.
2:48 of 2nd period - Wrist shot by Chris Thorburn.
2:48 of 2nd period - Shot Misses the Net.
3:11 of 2nd period - Off-side.
3:12 of 2nd period - Nathan Gerbe wins face-off versus Mike Zigomanis in neutral zone.
3:23 of 2nd period - Wrist shot by Mike Zigomanis.
3:23 of 2nd period - Shot Misses the Net.
3:27 of 2nd period - Slapshot by Geoff Paukovich.
3:27 of 2nd period - Shot Misses the Net.
3:37 of 2nd period - Gustav Nyquist is hit by Rich Peverley and loses puck.
4:06 of 2nd period - Slapshot by Zack Hamill.
4:06 of 2nd period - Shot Hit the Post.
4:08 of 2nd period - Slapshot by Zbynek Michalek.
4:08 of 2nd period - Deflect By Colton Gillies.
4:08 of 2nd period - Stopped by Loïc Lacasse with a rebound.
4:24 of 2nd period - Snap shot by Eric Fehr.
4:24 of 2nd period - Stopped by Loïc Lacasse without a rebound.
4:25 of 2nd period - Rich Peverley wins face-off versus Eric Fehr in Wolves zone.
4:25 of 2nd period - Rich Peverley is hit by Niklas Hjalmarsson.
4:34 of 2nd period - Minor Penalty to Mike Sislo for Interference.
4:35 of 2nd period - Nathan Gerbe wins face-off versus Dan Fritsche in Wolves zone.
4:38 of 2nd period - Snap shot by Eric Fehr.
4:38 of 2nd period - Stopped by Loïc Lacasse with a rebound.
4:40 of 2nd period - Slapshot by Mats Zuccarello.
4:40 of 2nd period - Goal by Mats Zuccarello - Knights : 3 - Wolves : 1.
4:41 of 2nd period - Nathan Gerbe wins face-off versus Rich Peverley in neutral zone.
4:48 of 2nd period - Slapshot by Garnet Exelby.
4:48 of 2nd period - Shot Blocked by Marc Methot.
4:50 of 2nd period - Wrist shot by Garnet Exelby.
4:50 of 2nd period - Shot Misses the Net.
4:52 of 2nd period - Snap shot by Nathan Gerbe.
4:52 of 2nd period - Shot Misses the Net.
4:54 of 2nd period - Wrist shot by Nathan Gerbe.
4:54 of 2nd period - Stopped by Loïc Lacasse with a rebound.
4:56 of 2nd period - Wrist shot by Mats Zuccarello.
4:56 of 2nd period - Shot Misses the Net.
5:10 of 2nd period - Off-side.
5:11 of 2nd period - Mike Zigomanis wins face-off versus Nathan Gerbe in neutral zone.
5:14 of 2nd period - Wrist shot by Mike Zigomanis.
5:14 of 2nd period - Shot Misses the Net.
5:24 of 2nd period - Wrist shot by Eric Fehr.
5:24 of 2nd period - Deflect By Mats Zuccarello.
5:24 of 2nd period - Stopped by Loïc Lacasse with a rebound.
5:26 of 2nd period - Slapshot by Sheldon Brookbank.
5:26 of 2nd period - Shot Blocked by Bruno Gervais.
5:36 of 2nd period - Niklas Hjalmarsson is hit by Matt Gilroy and loses puck.
5:55 of 2nd period - Snap shot by Rich Peverley.
5:55 of 2nd period - Shot Blocked by Zbynek Michalek.
5:57 of 2nd period - Slapshot by Bruno Gervais.
5:57 of 2nd period - Goal by Bruno Gervais - Knights : 3 - Wolves : 2.
5:58 of 2nd period - Nathan Gerbe wins face-off versus Rich Peverley in neutral zone.
6:23 of 2nd period - Gustav Nyquist is hit by Geoff Paukovich and loses puck.
7:02 of 2nd period - Mark Fayne is hit by Chris Thorburn and loses puck.
7:48 of 2nd period - Off-side.
7:49 of 2nd period - Mike Zigomanis wins face-off versus Peter Mueller in neutral zone.
8:29 of 2nd period - Snap shot by Kyle Greentree.
8:29 of 2nd period - Stopped by Loïc Lacasse with a rebound.
8:53 of 2nd period - Snap shot by Peter Mueller.
8:53 of 2nd period - Stopped by Loïc Lacasse with a rebound.
9:01 of 2nd period - Slapshot by Peter Mueller.
9:01 of 2nd period - Stopped by Loïc Lacasse without a rebound.
9:02 of 2nd period - Nathan Gerbe wins face-off versus Rich Peverley in Wolves zone.
9:10 of 2nd period - Off-side.
9:11 of 2nd period - Rich Peverley wins face-off versus Nathan Gerbe in neutral zone.
9:34 of 2nd period - Wrist shot by Alexander Perezhogin.
9:34 of 2nd period - Shot Misses the Net.
9:36 of 2nd period - Slapshot by Jonas Junland.
9:36 of 2nd period - Stopped by Jonas Gustavsson with a rebound.
9:38 of 2nd period - Snap shot by Alexander Perezhogin.
9:38 of 2nd period - Stopped by Jonas Gustavsson with a rebound.
9:44 of 2nd period - Slapshot by Alexander Perezhogin.
9:44 of 2nd period - Shot Blocked by Sheldon Brookbank.
9:46 of 2nd period - Backhand shot by Rich Peverley.
9:46 of 2nd period - Goal by Rich Peverley - Knights : 3 - Wolves : 3.
9:47 of 2nd period - Mike Zigomanis wins face-off versus Colton Gillies in neutral zone.
10:23 of 2nd period - Mark Fayne is hit by Zbynek Michalek and loses puck.
10:38 of 2nd period - Peter Mueller is hit by Chris Terry and loses puck.
11:39 of 2nd period - Niklas Hjalmarsson is hit by Marc-André Gragnani and loses puck.
11:44 of 2nd period - Snap shot by Rich Peverley.
11:44 of 2nd period - Shot Blocked by Sheldon Brookbank.
11:46 of 2nd period - Wrist shot by Alexander Perezhogin.
11:46 of 2nd period - Shot Blocked by Niklas Hjalmarsson.
11:48 of 2nd period - Snap shot by Rich Peverley.
11:48 of 2nd period - Stopped by Jonas Gustavsson with a rebound.
11:50 of 2nd period - Slapshot by Marc Methot.
11:50 of 2nd period - Shot Misses the Net.
12:06 of 2nd period - Slapshot by Sheldon Brookbank.
12:06 of 2nd period - Stopped by Loïc Lacasse with a rebound.
13:06 of 2nd period - Slapshot by Nathan Gerbe.
13:06 of 2nd period - Stopped by Loïc Lacasse without a rebound.
13:07 of 2nd period - Nathan Gerbe wins face-off versus Rich Peverley in Wolves zone.
13:23 of 2nd period - Minor Penalty to Marco Scandella for Tripping.
13:24 of 2nd period - Rich Peverley wins face-off versus Eric Fehr in Knights zone.
15:23 of 2nd period - Penalty to Marco Scandella is over, Marco Scandella is back on ice.
15:27 of 2nd period - Icing by Jonas Junland.
15:28 of 2nd period - Mike Zigomanis wins face-off versus Zack Hamill in Wolves zone.
16:25 of 2nd period - Sheldon Brookbank is hit by Tim Crowder and loses puck.
16:36 of 2nd period - Alexander Perezhogin is hit by Mats Zuccarello and loses puck.
16:45 of 2nd period - Wrist shot by Nathan Gerbe.
16:45 of 2nd period - Stopped by Loïc Lacasse with a rebound.
17:14 of 2nd period - Wrist shot by Mike Zigomanis.
17:14 of 2nd period - Shot Misses the Net.
17:30 of 2nd period - Slapshot by Chris Thorburn.
17:30 of 2nd period - Shot Blocked by Nathan Davis.
17:36 of 2nd period - Garnet Exelby is hit by Nathan Davis.
17:58 of 2nd period - Garnet Exelby is hit by Chris Terry.
18:49 of 2nd period - Slapshot by Rich Peverley.
18:49 of 2nd period - Stopped by Jonas Gustavsson with a rebound.
18:51 of 2nd period - Wrist shot by Rich Peverley.
18:51 of 2nd period - Stopped by Jonas Gustavsson with a rebound.
18:53 of 2nd period - Backhand shot by Matt Gilroy.
18:53 of 2nd period - Stopped by Jonas Gustavsson without a rebound.
18:54 of 2nd period - Chris Neil wins face-off versus Zack Hamill in Knights zone.
18:58 of 2nd period - Minor Penalty to Geoff Paukovich for Hooking.
18:59 of 2nd period - Dan Fritsche wins face-off versus Nathan Gerbe in Wolves zone.
19:32 of 2nd period - Slapshot by Sheldon Brookbank.
19:32 of 2nd period - Deflect By Matt Gilroy.
19:32 of 2nd period - Goal by Sheldon Brookbank - Knights : 4 - Wolves : 3.
19:33 of 2nd period - Rich Peverley wins face-off versus Peter Mueller in neutral zone.
19:35 of 2nd period - Matt Gilroy is hit by Tomas Kundratek and loses puck.
19:59 of 2nd period - Marco Scandella is hit by Tim Crowder.
3rd period
0:01 of 3rd period - Nathan Gerbe wins face-off versus Rich Peverley in neutral zone.
0:14 of 3rd period - Snap shot by Rich Peverley.
0:14 of 3rd period - Shot Misses the Net.
0:16 of 3rd period - Wrist shot by Mike Sislo.
0:16 of 3rd period - Shot Blocked by Garnet Exelby.
0:52 of 3rd period - Zbynek Michalek is hit by Tim Crowder and loses puck.
1:50 of 3rd period - Slapshot by Tim Crowder.
1:50 of 3rd period - Deflect By Chris Terry.
1:50 of 3rd period - Stopped by Jonas Gustavsson without a rebound.
1:51 of 3rd period - Chris Terry wins face-off versus Peter Mueller in Knights zone.
1:52 of 3rd period - Snap shot by Dan Fritsche.
1:52 of 3rd period - Stopped by Jonas Gustavsson with a rebound.
1:58 of 3rd period - Dan Fritsche is hit by Gustav Nyquist and loses puck.
1:59 of 3rd period - Dan Fritsche from Wolves is injured at 1:59 of 3rd period (Torn Right Knee Ligaments).
2:00 of 3rd period - Rich Peverley wins face-off versus Nathan Gerbe in Wolves zone.
2:00 of 3rd period - Rich Peverley is hit by Eric Fehr.
2:23 of 3rd period - Minor Penalty to Gustav Nyquist for Holding.
2:24 of 3rd period - Rich Peverley wins face-off versus Eric Fehr in Knights zone.
4:23 of 3rd period - Penalty to Gustav Nyquist is over, Gustav Nyquist is back on ice.
4:37 of 3rd period - Snap shot by Nathan Davis.
4:37 of 3rd period - Stopped by Jonas Gustavsson with a rebound.
5:20 of 3rd period - Peter Mueller is hit by Tim Crowder and loses puck.
5:39 of 3rd period - Logan MacMillan is hit by Eric Fehr and loses puck.
5:52 of 3rd period - Rich Peverley is hit by Chris Thorburn and loses puck.
6:15 of 3rd period - Matt Gilroy is hit by Eric Fehr and loses puck.
6:34 of 3rd period - Wrist shot by Peter Mueller.
6:34 of 3rd period - Stopped by Loïc Lacasse without a rebound.
6:35 of 3rd period - Peter Mueller wins face-off versus Alexander Perezhogin in Wolves zone.
7:19 of 3rd period - Slapshot by Mats Zuccarello.
7:19 of 3rd period - Shot Blocked by Jonas Junland.
7:30 of 3rd period - Minor Penalty to Geoff Paukovich for Slashing.
7:31 of 3rd period - Mike Zigomanis wins face-off versus Nathan Gerbe in Wolves zone.
8:09 of 3rd period - Mike Zigomanis is hit by Garnet Exelby and loses puck.
9:30 of 3rd period - Penalty to Geoff Paukovich is over, Geoff Paukovich is back on ice.
9:44 of 3rd period - Slapshot by Marc-André Gragnani.
9:44 of 3rd period - Shot Misses the Net.
9:46 of 3rd period - Slapshot by Mark Fayne.
9:46 of 3rd period - Stopped by Jonas Gustavsson with a rebound.
9:48 of 3rd period - Wrist shot by Alexander Perezhogin.
9:48 of 3rd period - Stopped by Jonas Gustavsson without a rebound.
9:49 of 3rd period - Rich Peverley wins face-off versus Zack Hamill in Knights zone.
9:50 of 3rd period - Wrist shot by Alexander Perezhogin.
9:50 of 3rd period - Shot Blocked by Marco Scandella.
10:13 of 3rd period - Chris Terry is hit by A.J. Jenks and loses puck.
10:32 of 3rd period - Snap shot by Mats Zuccarello.
10:32 of 3rd period - Stopped by Loïc Lacasse with a rebound.
10:34 of 3rd period - Snap shot by Zbynek Michalek.
10:34 of 3rd period - Shot Blocked by Mike Zigomanis.
10:57 of 3rd period - Matt Gilroy is hit by Zbynek Michalek and loses puck.
11:14 of 3rd period - Slapshot by Bruno Gervais.
11:14 of 3rd period - Stopped by Jonas Gustavsson with a rebound.
11:16 of 3rd period - Snap shot by Nathan Davis.
11:16 of 3rd period - Stopped by Jonas Gustavsson with a rebound.
11:18 of 3rd period - Slapshot by Jonas Junland.
11:18 of 3rd period - Stopped by Jonas Gustavsson without a rebound.
11:19 of 3rd period - Nathan Gerbe wins face-off versus Rich Peverley in Knights zone.
11:27 of 3rd period - Off-side.
11:28 of 3rd period - Rich Peverley wins face-off versus Nathan Gerbe in neutral zone.
11:46 of 3rd period - Sheldon Brookbank is hit by Rich Peverley and loses puck.
12:15 of 3rd period - Snap shot by Nathan Gerbe.
12:15 of 3rd period - Deflect By Eric Fehr.
12:15 of 3rd period - Shot Blocked by Marc Methot.
12:15 of 3rd period - Puck is out of play.
12:16 of 3rd period - Kyle Greentree wins face-off versus Mike Zigomanis in Wolves zone.
12:29 of 3rd period - Snap shot by Zbynek Michalek.
12:29 of 3rd period - Deflect By Peter Mueller.
12:29 of 3rd period - Stopped by Loïc Lacasse with a rebound.
12:31 of 3rd period - Slapshot by Garnet Exelby.
12:31 of 3rd period - Shot Misses the Net.
12:58 of 3rd period - Nathan Davis is hit by A.J. Jenks and loses puck.
13:03 of 3rd period - Wrist shot by Joe Colborne.
13:03 of 3rd period - Stopped by Loïc Lacasse with a rebound.
13:05 of 3rd period - Snap shot by Chris Thorburn.
13:05 of 3rd period - Stopped by Loïc Lacasse without a rebound.
13:06 of 3rd period - Peter Mueller wins face-off versus Tim Crowder in Wolves zone.
13:15 of 3rd period - Snap shot by Gustav Nyquist.
13:15 of 3rd period - Stopped by Loïc Lacasse without a rebound.
13:16 of 3rd period - Chris Terry wins face-off versus Peter Mueller in Wolves zone.
13:16 of 3rd period - Chris Terry is hit by Kyle Greentree.
13:29 of 3rd period - Wrist shot by Chris Terry.
13:29 of 3rd period - Stopped by Jonas Gustavsson with a rebound.
13:49 of 3rd period - Slapshot by Chris Terry.
13:49 of 3rd period - Shot Misses the Net.
13:51 of 3rd period - Wrist shot by Tim Crowder.
13:51 of 3rd period - Shot Blocked by Zbynek Michalek.
13:53 of 3rd period - Snap shot by Alexander Perezhogin.
13:53 of 3rd period - Stopped by Jonas Gustavsson with a rebound.
13:55 of 3rd period - Snap shot by Marc Methot.
13:55 of 3rd period - Stopped by Jonas Gustavsson with a rebound.
14:09 of 3rd period - Wrist shot by Kyle Greentree.
14:09 of 3rd period - Deflect By Peter Mueller.
14:09 of 3rd period - Stopped by Loïc Lacasse with a rebound.
14:16 of 3rd period - Minor Penalty to Peter Mueller for Cross-checking.
14:17 of 3rd period - Eric Fehr wins face-off versus Mike Zigomanis in Knights zone.
14:20 of 3rd period - Backhand shot by Mike Zigomanis.
14:20 of 3rd period - Deflect By Chris Neil.
14:20 of 3rd period - Shot Blocked by Sheldon Brookbank.
14:20 of 3rd period - Puck is out of play.
14:21 of 3rd period - Eric Fehr wins face-off versus Chris Neil in Knights zone.
14:32 of 3rd period - Slapshot by Bruno Gervais.
14:32 of 3rd period - Deflect By Eric Fehr.
14:32 of 3rd period - Stopped by Jonas Gustavsson with a rebound.
14:36 of 3rd period - Wrist shot by Mike Zigomanis.
14:36 of 3rd period - Stopped by Jonas Gustavsson with a rebound.
16:06 of 3rd period - Sheldon Brookbank is hit by Mike Zigomanis and loses puck.
16:16 of 3rd period - Penalty to Peter Mueller is over, Peter Mueller is back on ice.
16:23 of 3rd period - Marco Scandella is hit by Chris Terry and loses puck.
16:32 of 3rd period - Wrist shot by Zack Hamill.
16:32 of 3rd period - Stopped by Loïc Lacasse with a rebound.
17:34 of 3rd period - Geoff Paukovich is hit by A.J. Jenks and loses puck.
18:57 of 3rd period - Slapshot by Eric Fehr.
18:57 of 3rd period - Stopped by Loïc Lacasse with a rebound.
19:16 of 3rd period - Wolves, Loïc Lacasse is pulled from the net.
19:45 of 3rd period - Wrist shot by Mike Zigomanis.
19:45 of 3rd period - Stopped by Jonas Gustavsson without a rebound.
19:46 of 3rd period - Peter DeBoer call a timeout for Wolves.
19:46 of 3rd period - Mike Zigomanis wins face-off versus Nathan Gerbe in Knights zone.
19:47 of 3rd period - Slapshot by Chris Neil.
19:47 of 3rd period - Shot Blocked by Zbynek Michalek.
19:57 of 3rd period - Slapshot by Eric Fehr.
19:57 of 3rd period - Shot Misses the Net.
19:59 of 3rd period - Snap shot by Nick Palmieri.
19:59 of 3rd period - Shot Blocked by Marc Methot.
Output by the SimonT Hockey Simulator (STHS) for François Prévost -- Original Page W3C XHTML 1.0 Valid